 Dungeon Crawl Stone Soup version 0.23.2-30-g0e89c35649 (webtiles) character file.

Game seed: 17787207161187325567

53 HASTUR3 the Covert (level 3, 0/32 HPs)
             Began as a Naga Assassin on June 17, 2019.
             Slain by Natasha (8 damage)
             ... on level 2 of the Dungeon.
             The game lasted 00:05:59 (1198 turns).

HASTUR3 the Covert (Naga Assassin)                  Turns: 1198, Time: 00:06:00

Health: 0/32       AC:  2    Str: 13    XL:     3   Next: 87%
Magic:  3/3        EV:  9    Int: 12    God:
Gold:   50         SH:  0    Dex: 12    Spells: 2/2 levels left

rFire    . . .     SeeInvis +   a - +2 dagger
rCold    . . .     Gourm    .   (no shield)
rNeg     . . .     Faith    .   c - +0 robe
rPois    +         Spirit   .   (no helmet)
rElec    .         Reflect  .   j - scarf {cloud immunity}
rCorr    .         Harm     .   (no gloves)
MR       .....                  (no barding)
Stlth    ++++......             (no amulet)
HPRegen  0.10/turn              p - ring of poison resistance
MPRegen  0.08/turn              (no ring)

@: short of breath, hasted, quick
A: large, see invisible, deformed body, poison resistance, slowness 2, slow
metabolism 1, spit poison 1, AC +1
a: Spit Poison


You were on level 2 of the Dungeon.
You were not hungry.

You visited 1 branch of the dungeon, and saw 2 of its levels.

You collected 50 gold pieces.

Inventory:

Hand Weapons
 a - a +2 dagger (weapon)
 b - a +0 blowgun
 q - a +0 vampiric dagger
Missiles
 e - 8 poisoned needles
 f - 2 curare-tipped needles
Armour
 c - a +0 robe (worn)
 j - a scarf of cloud immunity (worn)
Jewellery
 p - a ring of poison resistance (left hand)
Scrolls
 i - a scroll of amnesia {unknown}
 l - a scroll of random uselessness {unknown}
 o - a scroll of enchant armour {unknown}
Potions
 n - a potion of lignification {unknown}
Comestibles
 d - a chunk of flesh
 g - 2 rations


   Skills:
 - Level 2.0 Fighting
 - Level 2.0 Short Blades
 - Level 1.7 Throwing
 - Level 0.7 Dodging
 + Level 8.2 Stealth


You had 2 spell levels left.
You didn't know any spells.
Your spell library was empty.

Dungeon Overview and Level Annotations

Branches:
Dungeon (2/15)

Altars:

Annotations:
D:2 Natasha


Innate Abilities, Weirdness & Mutations

You cannot wear boots.
Your serpentine skin is tough. (AC +1)
You have supernaturally acute eyesight. (SInv)
Armour fits poorly on your strangely shaped body.
Your system is resistant to poisons. (rPois)
You cover ground very slowly.
You have a slow metabolism.
You can spit poison.


Message History

Natasha is severely wounded.
You feel slightly more hungry.
Natasha mumbles some strange words.
You barely miss Natasha.
Natasha is severely wounded.
Natasha claws you!
* * * LOW HITPOINT WARNING * * *
You closely miss Natasha.
Natasha is severely wounded.
You have got your breath back.
Natasha drinks a potion.
Natasha is healed!
Natasha looks more healthy.
Natasha closely misses you.
Found a robe.
Press: ? - help, Shift-Dir - straight line, f/p - Natasha
Aim: Natasha (lightly wounded)
The splash of poison misses Natasha.
You feel slightly more hungry. Natasha claws you.
* * * LOW HITPOINT WARNING * * *
It was a potion of haste.
You feel yourself speed up. Natasha claws you!
You die...

######... ###
#........ ..####)####
#.#.!.h...#
#.#.##.##.#
#.#h##.##.##
.#########
#...@......[
.........#
#...##.#.%..
########.###.........
# #####.#............
#...........##.#####
#.###............ #.#
#...##..##.)..
#.###...##..# ###
#.......##..######


You could see Natasha.

Vanquished Creatures
  Natasha (D:2)
  A worm (D:2)
  A leopard gecko (D:2)
  6 goblins (D:1)
  4 hobgoblins
  4 bats (D:1)
  2 frilled lizards (D:1)
  A kobold (D:1)
  5 rats
25 creatures vanquished.

Notes
Turn   | Place    | Note
-------+----------+-------------------------------------------
     0 | D:1      | HASTUR3 the Naga Assassin began the quest for the Orb.
     0 | D:1      | Reached XP level 1. HP: 19/19 MP: 1/1
    21 | D:1      | Reached skill level 6 in Stealth
   370 | D:1      | Reached XP level 2. HP: 26/26 MP: 2/2
   544 | D:1      | Reached skill level 7 in Stealth
   829 | D:2      | Noticed Natasha
   832 | D:2      | Killed Natasha
   832 | D:2      | Reached skill level 8 in Stealth
   832 | D:2      | Reached XP level 3. HP: 32/32 MP: 3/3
   944 | D:2      | Noticed Natasha
  1198 | D:2      | Slain by Natasha

Skill      XL: |  1  2 |
---------------+-------+-----
Stealth        | 6 8 |  8.2
Fighting       | |  2.0
Short Blades   | |  2.0
Throwing       | |  1.7
Dodging        | |  0.7

Action                   || total
-------------------------++-------
Melee: Dagger            ||    87
 Abil: Spit Poison       ||    15
  Use: Scroll            ||     2
       Potion            ||     1
 Stab: Sleeping          ||     4
  Eat: Chunk             ||     1
Armor: Robe              ||    15
Dodge: Dodged            ||    40
